 Dungeon Sprint DCSS version 0.31-a0-66-ge618eeaa78 (webtiles) character file.

Game seed: 15526331505541913471

2 sircluck the Ruffian (level 1, -10/22 HPs)
             Began as a Troll Berserker on May 22, 2023.
             Was a Follower of Trog.
             Mangled by a redback (14 damage)
             ... in the Dungeon (Sprint VII: "The Pits").
             The game lasted 00:00:04 (21 turns).

sircluck the Ruffian (Troll Berserker)                Turns: 21, Time: 00:00:04

Health: -10/22     AC:  4    Str: 24    XL:     1   Next: 25%
Magic:  0/0        EV: 10    Int:  3    God:    Trog [*.....]
Gold:   0          SH:  0    Dex:  9    Spells: 0/0 levels left

rFire   . .          .
                       - Unarmed
rCold   . . .        (no shield)
rNeg    . . .        a - +0 animal skin
rPois   .            (helmet restricted)
rElec   .            (no cloak)
rCorr   .            (gloves unavailable)
SInv    .            (boots unavailable)
Will    .....        (no amulet)
Stlth   +            (no ring)
HPRegen 1.03/turn    (no ring)
MPRegen 0.07/turn

%: no teleportation
@: lethally poisoned (-10 -> -31)
A: large, unfitting armour, claws 3, regeneration 1, shaggy fur 1, tough skin 1
a: Renounce Religion, Berserk


You were in the Dungeon.
You worshipped Trog.
Trog was aware of your devotion.
You visited 1 branch

Inventory:

Armour
 a - a +0 animal skin (worn)
Scrolls
 g - a scroll of blinking
Potions
 b - a potion of curing
 c - a potion of heal wounds
 d - a potion of haste
 e - 2 potions of magic
 f - a potion of berserk rage


   Skills:
 + Level 2.7 Fighting
 + Level 2.7 Dodging
 + Level 3.3 Unarmed Combat


You couldn't memorise any spells.
You didn't know any spells.
Your spell library was empty.

Dungeon Overview and Level Annotations

Branches:
Dungeon (1/1)

Altars:


Innate Abilities, Weirdness & Mutations

You are too large for most types of armour.
You have claws for hands.
Your natural rate of healing is unusually fast.
You are covered in fur. (AC +1)
You have tough skin. (AC +1)


Message History

Trog says: Kill them all!
Press ? for a list of commands and other information.
Found a staircase leading out of the dungeon.
You open the door.
There is an open door to the Entrance Hall (Safe) here.
You open the huge gate.
An orc comes into view. It is wielding a +0 flail.
There is a huge open gate to the Metal Vault (Medium) here.
There is a huge open gate to the Metal Vault (Medium) here.
You scratch the orc.
The orc is almost dead.
The orc closely misses you.
You claw the orc!
You kill the orc!
Trog accepts your kill.
No target in view!
No target in view!
No target in view!
No target in view!
No target in view!
No target in view!
No target in view!
No target in view!
No target in view!
Things that are here:
a +0 flail; an orc corpse A redback, an orc warrior, an orc and a rime drake come into view.
The orc warrior is wielding a +2 halberd of freezing.
The orc shouts!
The rime drake hisses angrily.
The orc warrior shouts!
An orc comes into view. It is wielding a +0 flail.
The orc shouts!
You closely miss the redback. The redback bites you!
Ouch! That really hurt!
You are lethally poisoned!
The redback poisons you!
You barely miss the redback.
* * * LOW HITPOINT WARNING * * *
You feel extremely sick. The redback bites you!
Ouch! That really hurt!
You die...

#................+
+................+
#......#..#......#
#................#
####'#####''######
#.......##''#
#.......##..##
#.......##.).##
#...<...###.@.#
#.......#
##s.......
#.......#
.o###+###
#.......# ..##
##########.o #..
##. ##


You could see an orc warrior, a redback and an orc.

Vanquished Creatures
  An orc (D)
1 creature vanquished.

Notes
Turn   | Place    | Note
-------+----------+-------------------------------------------
     0 | D        | sircluck the Troll Berserker began the quest for the Orb.
     0 | D        | Reached XP level 1. HP: 22/22 MP: 0/0
    19 | D        | Noticed a redback
    19 | D        | Noticed an orc warrior
    19 | D        | Noticed a rime drake
    21 | D        | Mangled by a redback

Illustrated notes

Levels and vault maps discovered:
D:        pitsprint [storerooms_1, entrance_room_1, metal_vault_5, armoury_2,
          mini_pit_1, grid_room_1, main_hall_1, silver_pit, the_coven_1,
          the_vestibule_1, steel_vault_2, golden_pit, hallway_of_sentries,
          crystal_vault_4, iron_vault_4, final_vault]

Action                     || total
---------------------------++-------
  Melee: Unarmed           ||     4
  Dodge: Dodged            ||     1

Table legend: (Time is in decaauts)
 A = Elapsed time spent in this place.
 B = Non-inter-level travel time spent in this place.
 C = Inter-level travel time spent in this place.
 D = Time resting spent in this place.
 E = Time spent auto-exploring this place.
 F = Levels seen in this place.
 G = Mean time per level.
                   A        B        C        D        E       F      G
               +--------+--------+--------+--------+--------+-----+--------+
         Total |     20 |     20 |      0 |      0 |     11 |   1 |   20.0 |
       Dungeon |     20 |     20 |      0 |      0 |     11 |   1 |   20.0 |
               +--------+--------+--------+--------+--------+-----+--------+

Top non-repeatable levels by time:
       D: 20 daAuts
